 Dungeon Crawl Stone Soup version 0.28.0-47-ge53b351184 (webtiles) character file.

Game seed: 8396239206274932925

39 Eitelfritz the Sneak (level 3, 0/22 HPs)
             Began as a Kobold Brigand on Apr 26, 2022.
             Shot with a sling bullet by a goblin (3 damage)
             ... led by Robin
             ... on level 2 of the Dungeon.
             The game lasted 00:02:29 (927 turns).

Eitelfritz the Sneak (Kobold Brigand)                Turns: 927, Time: 00:02:29

Health: 0/22       AC:  3    Str:  8    XL:     3   Next: 67%
Magic:  3/3        EV: 14    Int: 12    God:
Gold:   61         SH:  0    Dex: 18    Spells: 2/2 levels left

rFire   . . .      SeeInvis .   a - +3 dagger
rCold   . . .      Faith    .   (no shield)
rNeg    . . .      Spirit   .   f - +0 robe
rPois   .          Reflect  .   (no helmet)
rElec   .          Harm     .   c - +0 cloak
rCorr   .          Rampage  .   (no gloves)
Will    .....                   (no boots)
Stlth   +++++.....              (no amulet)
HPRegen 0.07/turn               (no ring)
MPRegen 0.08/turn               (no ring)

@: no status effects
A: small, no large weapons, nightstalker 3
a: no special abilities


You were on level 2 of the Dungeon.
You visited 1 branch of the dungeon, and saw 2 of its levels.

You collected 61 gold pieces.

Inventory:

Hand Weapons
 a - a +3 dagger (weapon)
 b - a +0 rapier
Missiles
 d - 8 poisoned darts (quivered)
 e - 2 curare-tipped darts
Armour
 c - a +0 cloak (worn)
 f - a +0 robe (worn)
Scrolls
 g - a scroll of amnesia {unknown}
 h - a scroll of teleportation {unknown}
 k - a scroll of vulnerability {unknown}
Potions
 i - a potion of lignification {unknown}
 j - 2 potions of might {unknown}


   Skills:
 + Level 2.3 Fighting
 + Level 3.1 Short Blades
 + Level 2.4 Throwing
 + Level 1.3 Dodging
 + Level 6.5 Stealth


You had 2 spell levels left.
You didn't know any spells.
Your spell library was empty.

Dungeon Overview and Level Annotations

Branches:
Dungeon (2/15)

Altars:
Kikubaaqudgha

Annotations:
D:2 Robin


Innate Abilities, Weirdness & Mutations

You are small and have problems with some larger weapons.
You are completely attuned to the shadows.


Message History

You perforate the rat like a sieve!!!
You kill the rat!
Found a stone staircase leading down.
A hobgoblin comes into view.
The helpless hobgoblin fails to defend itself.
You spit the hobgoblin like a pig!!!
You kill the hobgoblin!
You now have 61 gold pieces (gained 11).
A hobgoblin comes into view.
Found a robe.
The hobgoblin shouts!
You hear a shout! x3
A goblin comes into view. It is wielding a +0 club.
The goblin moves out of view.
You hit the hobgoblin.
The hobgoblin is lightly wounded.
The hobgoblin barely misses you.
Robin of the Strong Arm comes into view.
They are wielding a +0 spear.
A goblin comes into view. It is wielding a +0 club.
You hit the hobgoblin but do no damage.
The hobgoblin is lightly wounded.
Robin roars a battlecry!
The goblins go into a battle-frenzy!
The goblin unwields a +0 club.
The goblin wields a +0 hunting sling.
The goblin shoots a sling bullet.
The sling bullet hits you.
You hear a shout!
Found an escape hatch in the floor.
Robin throws the goblin at you!
The goblin unwields a +0 hunting sling.
The goblin wields a +0 club.
The goblin hits you with a +0 club.
You hit the hobgoblin.
The hobgoblin is almost dead.
The hobgoblin hits you but does no damage.
You hit the hobgoblin.
You kill the hobgoblin!
The goblin unwields a +0 club.
The goblin wields a +0 hunting sling.
The goblin shoots a sling bullet.
The sling bullet hits you.
The goblin shoots a sling bullet.
The sling bullet hits you.
* * * LOW HITPOINT WARNING * * *
The goblin no longer looks unusually strong.
The goblin shoots a sling bullet.
The sling bullet hits you.
You die...

#.# .....# #.#
#.......# #.#
g.....#..> ........#
#.# .......#.#
#.......####.#
...g.....
.............#
.[.....#
#.......######
......###########.####
..........gg...@..#
.....##############
######


You could see a goblin.

Vanquished Creatures
  A dart slug (D:1)
  3 ball pythons (D:1)
  3 endoplasms (D:1)
  2 giant cockroaches (D:1)
  A goblin (D:1)
  7 hobgoblins
  2 quokkas (D:1)
  A bat (D:1)
  2 frilled lizards (D:1)
  4 kobolds
  9 rats
35 creatures vanquished.

Notes
Turn   | Place    | Note
-------+----------+-------------------------------------------
     0 | D:1      | Eitelfritz the Kobold Brigand began the quest for the Orb.
     0 | D:1      | Reached XP level 1. HP: 12/12 MP: 1/1
    49 | D:1      | Reached XP level 2. HP: 18/18 MP: 2/2
   195 | D:1      | Reached skill level 6 in Stealth
   443 | D:1      | Reached XP level 3. HP: 22/22 MP: 3/3
   478 | D:1      | Noticed a floating eye
   480 | D:1      | Found a faded altar of an unknown god.
   480 | D:1      | Noticed a shining eye
   489 | D:1      | Noticed an eye of devastation
   494 | D:1      | Noticed a great orb of eyes
   804 | D:2      | Found an ancient bone altar of Kikubaaqudgha.
   913 | D:2      | Noticed Robin
   927 | D:2      | Shot with a sling bullet by a goblin

Illustrated notes

Levels and vault maps discovered:
D:1:      lemuel_arrival_cross, layout_rooms,
          hellmonk_ecumenical_altar_watching_god
D:2:      layout_loops_ring, basic_altar, uniq_crazy_yiuf_cottage, uniq_robin

Skill      XL: |  1  2  3 |
---------------+----------+-----
Stealth        | 6 |  6.5
Short Blades   | 3 |  3.1
Fighting       | |  2.3
Throwing       | |  2.4
Dodging        | |  1.3

Action                   || total
-------------------------++-------
Melee: Dagger            ||    78
 Stab: Sleeping          ||    20
       Distracted        ||     1
Armor: Robe              ||    11
Dodge: Dodged            ||    27
